 Dungeon Crawl Stone Soup version 0.28.0-1-gb440e238dd (webtiles) character file.

Game seed: 15446732106259230323

2755 smarlow the Magician (level 10, -6/70 HPs)
             Began as a Djinni Hedge Wizard on Feb 25, 2022.
             Was a Follower of Makhleb.
             Mangled by a harpy zombie (11 damage)
             ... on level 7 of the Dungeon.
             The game lasted 00:29:45 (10957 turns).

smarlow the Magician (Djinni Hedge Wizard)         Turns: 10957, Time: 00:29:45

Health: -6/70      AC: 12    Str:  9    XL:     10   Next: 0%
Gold:   148        EV: 15    Int: 20    God:    Makhleb [*.....] SH:  0 Dex: 19

rFire   + + .      SeeInvis .   r - +4 mace of Brawling {venom, rC+}
rCold   . . .      Faith    .   (no shield)
rNeg    . . .      Spirit   .   b - +0 robe
rPois   ∞          Reflect  .   l - +1 helmet
rElec   .          Harm     .   p - +2 cloak
rCorr   .          Rampage  .   g - +2 pair of gloves
Will    +....                   (boots unavailable)
Stlth   +++.......              (no amulet)
HPRegen 0.21/turn               j - +6 ring of dexterity
MPRegen 0.00/turn               (no ring)

@: flying
A: sickness immunity, fire resistance 2, cold vulnerability 1, float, innate
caster, HP casting, extra vitality 1, sense surroundings 1, shaggy fur 1
a: Renounce Religion


You were on level 7 of the Dungeon.
You worshipped Makhleb.
Makhleb was aware of your devotion.
You visited 2 branches of the dungeon, and saw 9 of its levels.

You collected 386 gold pieces.
You spent 238 gold pieces at shops.

Inventory:

Hand Weapons
 r - the +4 mace of Brawling (weapon) {venom, rC+}
   (You found it on level 6 of the Dungeon)

   It poisons the flesh of those it strikes.
   rC:        It protects you from cold.
Armour
 b - a +0 robe (worn)
 c - a +0 hat
 g - a +2 pair of gloves (worn)
 l - a +1 helmet (worn)
 p - a +2 cloak (worn)
Jewellery
 j - a +6 ring of dexterity (left hand)
Wands
 q - a wand of iceblast (6)
Scrolls
 f - 3 scrolls of identify
 h - a scroll of fear
 i - 4 scrolls of amnesia
 m - a scroll of enchant weapon
 s - a scroll of torment
Potions
 e - a potion of attraction
 k - 2 potions of mutation
 o - a potion of cancellation


   Skills:
 + Level 5.0 Fighting
 + Level 4.8 Armour
 - Level 5.8 Dodging
 - Level 4.0 Stealth
 * Level 6.2 Spellcasting
 + Level 4.1 Invocations


You couldn't memorise any spells.
You knew the following spells:

 Your Spells              Type           Power      Damage    Failure   Level
a - Magic Dart            Conj           100%       1d8       1%          1
b - Blink                 Tloc           62%        N/A       1%          2
c - Call Imp              Summ           31%        N/A       1%          2
d - Slow                  Hex            100%       N/A       1%          1
e - Conjure Flame         Conj/Fire      31%        6-21      2%          3
f - Mephitic Cloud        Conj/Pois/Air  31%        N/A       2%          3
g - Sting                 Tmut/Pois      100%       1d8       1%          1
h - Scorch                Fire           62%        2d8       1%          2
i - Portal Projectile     Hex/Tloc       62%        N/A       2%          3
j - Teleport Other        Tloc           31%        N/A       2%          3
Your spell library was empty.

Dungeon Overview and Level Annotations

Branches:
Dungeon (8/15)             Temple (1/1) D:4
   Lair: D:8-11

Altars:
Ashenzari
Cheibriados
Dithmenos
Gozag
Hepliaklqana
Kikubaaqudgha
Makhleb
Nemelex Xobeh
Okawaru
Qazlal
Ru
Trog
Uskayaw
Wu Jian
Xom
Yredelemnul
Zin
The Shining One

Shops:
D:5 *   D:6 [

Annotations:
D:7 Maggie


Innate Abilities, Weirdness & Mutations

You are immune to sickness and miasma.
You are immune to poison.
Your flesh is very heat resistant. (rF++)
You are vulnerable to cold. (rC-)
You float through the air rather than walking.
You learn spells naturally, not from books.
Your magical power is your life essence.
You have superior vitality. (+4 MHP)
You passively map a small area around you.
You are covered in fur. (AC +1)


Message History

The harpy zombie claws you but does no damage.
It was a potion of heal wounds.
You feel much better.
You feel stable enough to blink again.
The harpy zombie claws you but does no damage. x2
The harpy zombie closely misses you. The harpy zombie misses you.
The harpy zombie claws you but does no damage.
The harpy zombie closely misses you. The harpy zombie claws you.
The harpy zombie misses you.
Casting: Blink (safe; 1% risk of failure)
Confirm with . or Enter, or press ? or * to list all spells.
You blink.
The harpy zombie claws you but does no damage. x2
A centaur warrior skeleton comes into view.
You feel stable enough to blink again.
The hellwing swoops through the air toward you!
The hellwing misses you. The hellwing barely misses you.
The harpy zombie claws you but does no damage. x2
The hellwing hits you but does no damage.
The hellwing closely misses you. The harpy zombie barely misses you.
The harpy zombie claws you but does no damage.
The harpy zombie completely misses you. The harpy zombie misses you.
The hellwing barely misses you.
The hellwing hits you but does no damage.
The harpy zombie claws you. The harpy zombie closely misses you.
There is a stone staircase leading down here.
The harpy zombie barely misses you. The harpy zombie completely misses you.
The harpy zombie claws you.
The harpy zombie claws you but does no damage.
The harpy zombie claws you. x2
* * * LOW HITPOINT WARNING * * *
The harpy zombie claws you.
* * * LOW HITPOINT WARNING * * *
The harpy zombie claws you but does no damage.
The harpy zombie claws you!
* * * LOW HITPOINT WARNING * * *
The harpy zombie completely misses you. The harpy zombie claws you.
* * * LOW HITPOINT WARNING * * *
The harpy zombie claws you but does no damage.
The harpy zombie claws you!
You die...

.#########.##..####...##.#.#
.###### #.##..# ######.#.#
......# #.##.Z#### #.#.# .####.#
#....>...# #.#.# .# #.#
#####.##.# #.#.#
.####.####....Z##.######.#.#
..............4............#
......####.##...Z.######.###
.#......##......@...|..#.#
...............#.#######.########
........##..####.##..............
..:.....##..# #.##.####.#######.
..†.######..####:##.##.........#.
....# #..#.....#.##.#.#####.#.
....# #..#.#####.##.#.# #.#.
....######..#.#..........# #.#.
............#.#.###.##.#######...


You could see a hellwing, a harpy zombie and a centaur warrior skeleton.

Vanquished Creatures
  A hornet (D:8)
  A water moccasin (D:6)
  An orc warrior (D:7)
  A sky beast (D:6)
  2 black bears
  5 ice beasts
  2 necrophages
  2 ogres
  2 centaurs
  Blork the orc (D:6)
  3 scorpions
  A bullfrog (D:6)
  5 hounds
  A jelly (D:8)
  A bullfrog skeleton (D:6)
  3 orc priests
  A centaur skeleton (D:5)
  A scorpion zombie (D:5)
  4 orc wizards
  A killer bee zombie (D:6)
  A hound skeleton (D:4)
  A howler monkey zombie (D:7)
  3 gnolls
  A howler monkey skeleton (D:4)
  8 adders
  2 shadow imps
  An ufetubus (D:5)
  5 dart slugs
  17 orcs
  3 bats (D:1)
  9 endoplasms
  2 giant cockroaches
  5 goblins
  3 hobgoblins
  6 quokkas
  5 ball pythons
  2 frilled lizards
  10 kobolds
  6 rats
129 creatures vanquished.

Vanquished Creatures (collateral kills)
  A sky beast (D:7)
  Crazy Yiuf (D:6)
  2 orcs
4 creatures vanquished.

Vanquished Creatures (others)
  7 fungi (D:1)
  5 plants
  7 withered plants (D:7)
19 creatures vanquished.

Grand Total: 152 creatures vanquished

Notes
Turn   | Place    | Note
-------+----------+-------------------------------------------
     0 | D:1      | smarlow the Djinni Hedge Wizard began the quest for the
                  | Orb.
     0 | D:1      | Reached XP level 1. HP: 15/15 MP: 0/0
   321 | D:1      | Reached XP level 2. HP: 20/22 MP: 0/0
   928 | D:1      | Reached XP level 3. HP: 17/26 MP: 0/0
   928 | D:1      | Learned a level 1 spell: Sting
  1509 | D:1      | Reached skill level 1 in Fighting
  1793 | D:1      | Found a faded altar of an unknown god.
  1894 | D:2      | Reached XP level 4. HP: 29/32 MP: 0/0
  2186 | D:2      | Reached skill level 3 in Spellcasting
  2820 | D:2      | Reached skill level 1 in Armour
  3319 | D:3      | Reached XP level 5. HP: 10/37 MP: 0/0
  3319 | D:3      | Learned a level 2 spell: Scorch
  3942 | D:3      | Found a basalt altar of Yredelemnul.
  4336 | D:3      | Found a shimmering altar of Xom.
  4510 | D:4      | Reached XP level 6. HP: 28/43 MP: 0/0
  4620 | D:4      | Noticed a necrophage
  4733 | D:4      | Found a staircase to the Ecumenical Temple.
  4760 | Temple   | Entered the Ecumenical Temple
  4959 | Temple   | Became a worshipper of Makhleb the Destroyer
  5012 | D:4      | Killed a necrophage
  5097 | D:4      | Found a sacrificial altar of Ru.
  5228 | D:4      | Reached XP level 7. HP: 35/49 MP: 0/0
  5228 | D:4      | Learned a level 3 spell: Portal Projectile
  5925 | D:5      | Entered Level 5 of the Dungeon
  5932 | D:5      | Reached skill level 4 in Spellcasting
  6229 | D:5      | HP: 1/49 [ice beast (21)]
  6576 | D:5      | Reached skill level 1 in Invocations
  6740 | D:5      | Reached XP level 8. HP: 33/56 MP: 0/0
  7038 | D:5      | Found Lopiog's General Store.
  7042 | D:5      | Bought a scroll of teleportation for 36 gold pieces
  7362 | D:6      | Found Itouptez's Antique Armour Shoppe.
  7989 | D:6      | Noticed Blork the orc
  8005 | D:6      | Killed Blork the orc
  8018 | D:6      | Found a stormy altar of Qazlal.
  8299 | D:6      | Bought a glowing cloak for 202 gold pieces
  8333 | D:6      | Reached skill level 5 in Spellcasting
  8542 | D:5      | Reached XP level 9. HP: 53/62 MP: 0/0
  8542 | D:5      | Learned a level 3 spell: Teleport Other
  8662 | D:6      | Reached skill level 5 in Dodging
  8827 | D:6      | Found a runed translucent door.
  8828 | D:6      | Noticed Crazy Yiuf
  8834 | D:6      | Killed Crazy Yiuf
  8837 | D:6      | Identified the +4 mace of Brawling {venom, rC+}
  9045 | D:6      | Found a hide-covered altar of Uskayaw.
  9279 | D:7      | Found a broken altar of Ashenzari.
  9455 | D:7      | Reached * piety under Makhleb
  9802 | D:7      | Noticed a hellwing
  9826 | D:6      | Gained mutation: You are covered in fur. (AC +1) [potion of
                  | mutation]
  9826 | D:6      | Gained mutation: You passively map a small area around you.
                  | [potion of mutation]
  9837 | D:7      | Noticed Maggie
  9867 | D:8      | Noticed a hornet
 10320 | D:8      | Reached skill level 6 in Spellcasting
 10595 | D:8      | Killed a hornet
 10835 | D:7      | Reached skill level 5 in Fighting
 10835 | D:7      | Reached XP level 10. HP: 54/70 MP: 0/0
 10957 | D:7      | Mangled by a harpy zombie

Illustrated notes

Levels and vault maps discovered:
D:1:      dpeg_arrival_concentric_ovals, layout_basic,
          dreamdust_ecumenical_altar_hidden_monk_grotto, minmay_close_crescents
D:2:      layout_loops_corners, serial_forest, infiniplex_forest_end_3,
          infiniplex_forest_lined_3, infiniplex_forest_clump_small,
          infiniplex_forest_side_room, infiniplex_forest_corner_1,
          infiniplex_forest_lined_2, infiniplex_forest_end_1,
          infiniplex_forest_zigzag_2, infiniplex_forest_lined_1,
          wander_ebering_terrifying_dragon_lair
D:3:      layout_loops_ring, nicolae_overflow_crystal_walls,
          overflow_temple_1_default
D:4:      layout_loops_ring, nicolae_ru_sacrificial_ziggurat,
          minmay_temple_entry_ruins, minmay_misc_feat_nine_boxes
D:5:      black_bear_nest_2, layout_loops_cross, serial_shops, shop
D:6:      layout_rooms, nicolae_uskayaw_dance_hall, mainiacjoe_overflow_paths,
          serial_shops, nicolae_square_shop, uniq_blork_the_orc,
          uniq_crazy_yiuf_cottage
D:7:      cheibrodos_grave_circle, layout_basic, ashenzari_conservatory_becter,
          mainiacjoe_overflow_alcove_1, minmay_quadrilaterals, uniq_menkaure,
          uniq_maggie
D:8:      layout_rooms, vehumet_statue
Temple:   hc_temple_tempest_star

Skill      XL: |  1  2  3  4  5  6  7  8  9 |
---------------+----------------------------+-----
Stealth        | 2 3 4 |  4.0
Fighting       | 1 2 3 5 |  5.0
Spellcasting   | 3 4 5 6 |  6.2
Armour         | 1 2 3 4 |  4.8
Dodging        | 3 4 5 |  5.8
Invocations    | 1 2 4 |  4.1

Action                   |  1- 3 |  4- 6 |  7- 9 | 10-12 || total
-------------------------+-------+-------+-------+-------++-------
Melee: Dagger            |    20 |     5 |       |       ||    25
       Falchion          |       |       |    25 |       ||    25
       Mace              |       |       |    19 |     2 ||    21
 Cast: Magic Dart        |    81 |    88 |   149 |     3 ||   321
       Sting             |     1 |    10 |    11 |     2 ||    24
       Call Imp          |       |     1 |    15 |     1 ||    17
       Slow              |       |     1 |       |       ||     1
       Scorch            |       |    21 |   107 |       ||   128
       Blink             |       |     5 |    12 |     4 ||    21
       Mephitic Cloud    |       |     1 |     6 |       ||     7
       Portal Projectile |       |       |     1 |       ||     1
       Teleport Other    |       |       |     9 |     1 ||    10
       Conjure Flame     |       |       |     1 |     1 ||     2
  Use: Scroll            |     2 |       |     8 |       ||    10
       Potion            |       |       |     3 |     1 ||     4
 Stab: Confused          |       |     1 |     2 |       ||     3
Armor: Robe              |     8 |     8 |    43 |    24 ||    83
Dodge: Dodged            |    11 |    26 |   103 |    33 ||   173
